AoeStats
← ozkanarc373

Yucatan

511146858Analyzed
3v3 RM · 2h ago on Oct 3, 2026· 34m 8s· 6 players
Game mode
Random Map
Map size
Normal (6 player)
Population
200
Speed
Normal
Resources
Standard
Victory
Conquest
Starting age
Dark Age
Ending age
Imperial Age
RankedLock teamsTeams togetherTeam positionsShared explorationLock speedFull tech treeHidden civsTurbo modeCheats
Victory
Defeat
🇲🇽 Burgundians · Mexico
945
+17
🇨🇳 Chinese · China
942
+17
🇨🇱 Bohemians · Chile
905
+19
🇹🇷 Spanish · Türkiye
1000
-59
🇹🇷 Goths · Türkiye
1000
-59
🇹🇷 Burgundians · Türkiye
899
-39
BP Charly
4:20 Loom
11:20 Feudal Age
14:32 Double-Bit Axe
17:44 Forging
24:35 Castle Age
22:40 Horse Collar
24:24 Scale Barding Armor
25:34 Wheelbarrow
24:53 Gold Mining
25:04 Heavy Plow
25:32 Bow Saw
26:09 Gold Shaft Mining
25:46 Cavalier
26:27 Husbandry
27:04 Iron Casting
26:49 Chain Barding Armor
29:23 Hand Cart
都美竹
11:35 Feudal Age
12:06 Double-Bit Axe
18:42 Castle Age
17:24 Gold Mining
17:25 Stone Mining
19:44 Bow Saw
20:33 Gold Shaft Mining
20:36 Stone Shaft Mining
22:17 Wheelbarrow
23:39 Loom
25:37 Fletching
25:54 Squires
26:01 Squires
26:28 Ballistics
26:33 Horse Collar
30:34 Imperial Age
29:11 Thumb Ring
29:11 Crossbowman
29:51 Bodkin Arrow
29:59 Padded Archer Armor
30:47 Forging
31:40 Hand Cart
31:50 Conscription
33:01 Two-Man Saw
32:03 Heavy Plow
32:18 Arbalester
33:50 Bracer
35:38 Chemistry
Scaparelli
5:00 Loom
15:17 Feudal Age
15:53 Double-Bit Axe
20:42 Castle Age
19:52 Fletching
20:02 Padded Archer Armor
21:40 Crossbowman
22:16 Bodkin Arrow
22:37 Leather Archer Armor
26:08 Fervor
28:06 Ballistics
30:58 Wheelbarrow
33:36 Chemistry
CepniBoy
12:12 Feudal Age
17:54 Castle Age
17:58 Double-Bit Axe
22:08 Scale Mail Armor
23:45 Squires
24:56 Crossbowman
26:00 Elite Skirmisher
26:48 Elite Skirmisher
28:56 Padded Archer Armor
33:03 Pikeman
ozkanarc373
11:50 Feudal Age
19:29 Castle Age
19:32 Double-Bit Axe
30:38 Scale Barding Armor
32:21 Horse Collar
36:35 Imperial Age
bnoktak1
4:48 Double-Bit Axe
12:01 Feudal Age
13:01 Bow Saw
12:33 Horse Collar
15:59 Gold Mining
23:22 Castle Age
22:54 Gold Shaft Mining
23:26 Stone Mining
23:40 Heavy Plow
25:30 Stone Shaft Mining
28:09 Two-Man Saw
28:42 Wheelbarrow
28:27 Padded Archer Armor
28:18 Fletching
29:45 Leather Archer Armor
29:20 Fletching
Connection lost

Rejoining the realm…

Still unreachable

The connection could not be restored.

Session expired

The server has moved on; the page needs a fresh start.